 Dungeon Crawl Stone Soup version 0.26.1-11-gd32895ea62 (webtiles) character file.

Game seed: 3011657500248713600

37 nothank2 the Conjurer (level 3, -3/26 HPs)
             Began as a Draconian Conjurer on July 13, 2021.
             Slain by Sigmund
             ... wielding a +0 scythe
              (12 damage)
             ... on level 2 of the Dungeon.
             The game lasted 00:02:19 (1280 turns).

nothank2 the Conjurer (Draconian Conjurer)          Turns: 1280, Time: 00:02:20

Health: -3/26      AC:  5    Str:  9    XL:     3   Next: 23%
Magic:  1/6        EV: 12    Int: 19    God:
Gold:   71         SH:  0    Dex:  9    Spells: 4/7 levels left

rFire    . . .     SeeInvis .   a - +0 mace
rCold    . . .     Faith    .   (no shield)
rNeg     . . .     Spirit   .   (armour unavailable)
rPois    .         Reflect  .   (helmet restricted)
rElec    .         Harm     .   (no cloak)
rCorr    .         Rampage  .   (no gloves)
Will     .....                  (no boots)
Stlth    ++........             (no amulet)
HPRegen  0.08/turn              (no ring)
MPRegen  0.10/turn              (no ring)

@: no status effects
A: unfitting armour, cold-blooded, AC +5
a: no special abilities


You were on level 2 of the Dungeon.
You visited 1 branch of the dungeon, and saw 2 of its levels.

You collected 71 gold pieces.

Inventory:

Hand Weapons
 a - a +0 mace (weapon)
Scrolls
 b - a scroll of blinking {unknown}
 c - 2 scrolls of random uselessness {unknown}
 d - a scroll of fear {unknown}
 e - a scroll of immolation {unknown}
 f - a scroll of fog {unknown}
Potions
 g - a potion of curing {unknown}


   Skills:
 - Level 1.7 Dodging
 - Level 1.7 Stealth
 + Level 2.5 Spellcasting
 * Level 4.8 Conjurations


You had 4 spell levels left.
You knew the following spells:

 Your Spells              Type           Power        Failure   Level
a - Magic Dart            Conj           80%          2%          1
b - Searing Ray           Conj           40%          3%          2

Your spell library contained the following spells:

 Spells                   Type           Power        Failure   Level
 Dazzling Flash           Conj/Hex       22%          19%         3
 Fulminant Prism          Conj/Hex       5%           52%         4
 Iskenderun's Mystic Bla  Conj/Tloc      11%          52%         4


Dungeon Overview and Level Annotations

Branches:
Dungeon (2/15)

Altars:

Annotations:
D:2 Sigmund


Innate Abilities, Weirdness & Mutations

Your plain brown scales are hard. (AC +5)
You cannot fit into any form of body armour.
You are cold-blooded and may be slowed by cold attacks.


Message History

The magic dart hits the frilled lizard.
The frilled lizard is heavily wounded.
The magic dart hits the frilled lizard!
You kill the frilled lizard!
A magic dart appears from out of thin air!
The magic dart hits you. Something hits you but does no damage.
Casting: Magic Dart (safe; 2% risk of failure)
Confirm with . or Enter, or press ? or * to list all spells.
Aiming: Searing Ray (safe; 3% risk of failure)
Press: ? - help, Shift-Dir - straight line (Press . to maintain the ray.)
Something hits you but does no damage.
Without enough magic to sustain it, your searing ray dissipates.
Something barely misses you. Something hits you.
You closely miss something. Something hits you!
You closely miss something. Something hits you.
You closely miss something. You tail-slap something. Something hits you!
You die...

# ###..# ..
.....## ...
.....## ....
......
.....###...#
...........#
#......#
#####.######
#...{@.##########
######.##.......#
#.##.#####.#
#.##...<...###.#
#.##..###......#
#.....# #..#####
####..###..#
#.......#
#########


There were no monsters in sight!

Vanquished Creatures
  A gnoll (D:1)
  A dart slug (D:1)
  3 leopard geckos (D:1)
  2 goblins (D:1)
  A hobgoblin (D:1)
  3 jackals (D:1)
  5 bats (D:1)
  5 frilled lizards
  5 rats (D:1)
26 creatures vanquished.

Notes
Turn   | Place    | Note
-------+----------+-------------------------------------------
     0 | D:1      | nothank2 the Draconian Conjurer began the quest for the
                  | Orb.
     0 | D:1      | Reached XP level 1. HP: 14/14 MP: 3/3
   332 | D:1      | Reached XP level 2. HP: 20/20 MP: 1/5
   399 | D:1      | Learned a level 2 spell: Searing Ray
   883 | D:1      | Reached XP level 3. HP: 26/26 MP: 1/6
  1260 | D:2      | Noticed Sigmund
  1280 | D:2      | Slain by Sigmund

Illustrated notes

Levels and vault maps discovered:
D:1:      minmay_arrival_open_corners, layout_basic, minivault_4
D:2:      layout_loops_cross, led_sif_pool, minmay_pentomino_o2, uniq_robin,
          uniq_sigmund

Action                   || total
-------------------------++-------
Melee: Mace              ||    13
       Tailslap          ||     1
 Cast: Magic Dart        ||    45
       Searing Ray       ||     1
Armor: Skin              ||     7
Dodge: Dodged            ||     7
